 Dungeon Crawl Stone Soup version 0.20-a0-309-gcba9277 (webtiles) character file.

1287 Ladykiller69 the Grappler (level 8, 0/67 (68) HPs)
             Began as a Ghoul Monk on Dec 18, 2016.
             Shot with a sling bullet by Joseph (8 damage)
             ... on level 7 of the Dungeon.
             The game lasted 00:13:52 (4382 turns).

Ladykiller69 the Grappler (Ghoul Monk)              Turns: 4382, Time: 00:13:53

HP:   0/67 (68)     AC:  5    Str: 15    XL:     8   Next: 55%
MP:   7/7           EV: 13    Int:  5    God:
Gold: 94            SH:  0    Dex: 13    Spells: 7/7 levels left

rFire  . . .     SeeInvis .       - Unarmed
rCold  + . .     Gourm    .     g - +0 ring mail (curse)
rNeg   + + +     Faith    .     (no shield)
rPois  ∞         Spirit   .     (no helmet)
rElec  .         Reflect  .     (no cloak)
rCorr  .         Harm     .     (no gloves)
MR     .....                    (no boots)
Stlth  +.........               (no amulet)
                                (no ring)
                                (no ring)

@: rotting
A: rotting body, claws 1, carnivore 3, cold resistance 1, negative energy
resistance 3, slow regeneration 1, torment resistance, unbreathing
a: no special abilities


You were on level 7 of the Dungeon.
You were not hungry.

You visited 1 branch of the dungeon, and saw 7 of its levels.

You collected 234 gold pieces.
You spent 140 gold pieces at shops.

Inventory:

Missiles
 x - 4 javelins (quivered)
 y - 52 stones
Armour
 a - a +0 robe
 g - a cursed +0 ring mail (worn)
 s - a +0 ring mail
 u - a +0 chain mail
 D - a +0 large shield
Jewellery
 w - an uncursed amulet of faith
Wands
 l - a wand of polymorph (8/24)
 r - a wand of slowing (22/48)
Scrolls
 c - a scroll of immolation {unknown}
 e - 5 scrolls of identify {unknown}
 h - 2 scrolls of enchant weapon {unknown}
 i - 2 scrolls of teleportation {unknown}
 n - a scroll of amnesia {unknown}
 o - a scroll of recharging {unknown}
 t - 2 scrolls of remove curse {unknown}
 z - a scroll of noise {unknown}
 A - a scroll of fear {unknown}
 B - a scroll of random uselessness {unknown}
 C - a scroll of enchant armour {unknown}
Potions
 d - 2 potions of might
 f - 6 potions of lignification
 k - 2 potions of curing {unknown}
 m - a potion of heal wounds
 p - a potion of agility {unknown}
 q - a potion of mutation {unknown}
 v - a potion of ambrosia {unknown}
Comestibles
 b - 4 meat rations
 j - 2 slices of pizza


   Skills:
 - Level 5.0 Fighting
 + Level 3.8 Armour
 + Level 4.8 Dodging
 - Level 2.1 Stealth
 + Level 1.9 Shields
 * Level 8.0 Unarmed Combat


You had 7 spell levels left.
You didn't know any spells.

Dungeon Overview and Level Annotations

Branches:
Dungeon (7/15)             Temple (0/1) D:5

Altars:
Ashenzari

Shops:
D:5 *

Annotations:
D:7 Joseph


Innate Abilities, Weirdness & Mutations

Your body is rotting away.
You thrive on raw meat.
You are immune to poison.
You have sharp fingernails.
You are carnivorous and can eat meat at any time.
Your flesh is cold resistant. (rC+)
You are immune to negative energy. (rN+++)
You regenerate slowly when monsters are visible.
You are immune to unholy pain and torment.
You can survive without breathing.


Message History

You closely miss Joseph. You closely miss Joseph.
Joseph unwields an uncursed hunting sling.
Joseph wields an uncursed quarterstaff of crushing.
Joseph hits you with an uncursed quarterstaff of crushing!
You scratch Joseph but do no damage.
Joseph hits you with an uncursed quarterstaff of crushing!
You closely miss Joseph.
Joseph hits you with an uncursed quarterstaff of crushing!
You closely miss Joseph.
Okay, then.
Joseph unwields an uncursed quarterstaff of crushing.
Joseph wields an uncursed hunting sling.
Joseph shoots a sling bullet.
The sling bullet misses you.
Joseph shoots a sling bullet.
The sling bullet hits you!!
* * * LOW HITPOINT WARNING * * *
You see here a sling bullet.
Joseph smiles happily.
Joseph shoots a sling bullet.
The sling bullet hits you!
You die...

...###+##.........#.
##... #.........#.
##....+ #.........#.
##.....######.........##
.#..............#########
#...............#........
................#........
....(...........#..##...#
#....@.......#####...#
#....####........#...#
+..$(#.@#........#...#
#....+..#........+...#
####...@#..#..<.....###'#
......?.#..#.............
........(..#.............
........#..#.....).......
........#..#.............


You could see Joseph.

Vanquished Creatures
  Sigmund (D:4)
  The ghost of kal9871 the Digger, an amateur OpEE (D:3)
  A black bear (D:6)
  A sky beast (D:3)
  A phantom (D:4)
  6 killer bees
  The ghost of kal9871 the Digger, a weakling OpEE (D:4)
  A bullfrog zombie (D:6)
  An orc wizard (D:5)
  An iguana (D:7)
  Ijyb (D:3)
  2 worker ants (D:4)
  7 gnolls
  7 adders
  A shadow imp (D:5)
  3 oozes
  An adder zombie (D:7)
  3 adder skeletons (D:4)
  A worm (D:3)
  2 dart slugs (D:3)
  5 leopard geckos
  17 orcs
  8 goblins
  15 hobgoblins
  A jackal (D:2)
  11 kobolds
  A quokka (D:3)
  A ball python (D:1)
  13 bats
  5 frilled lizards
  13 rats
133 creatures vanquished.

Notes
Turn   | Place    | Note
-------+----------+-------------------------------------------
     0 | D:1      | Ladykiller69 the Ghoul Monk began the quest for the Orb.
     0 | D:1      | Reached XP level 1. HP: 19/19 MP: 0/0
     0 | D:1      | Noticed an iron dragon
     0 | D:1      | Noticed a tentacled monstrosity
     1 | D:1      | Noticed an orb of fire
     3 | D:1      | Noticed an iron dragon
     5 | D:1      | Noticed a tentacled monstrosity
     6 | D:1      | Noticed an ice dragon
     7 | D:1      | Noticed a large abomination
    10 | D:1      | Noticed a tentacled monstrosity
    10 | D:1      | Noticed an orb of fire
    12 | D:1      | Noticed an iron dragon
    13 | D:1      | Noticed a large abomination
    14 | D:1      | Noticed an iron dragon
    16 | D:1      | Noticed a green draconian
    18 | D:1      | Noticed a green draconian
    18 | D:1      | Noticed an orb of fire
    20 | D:1      | Noticed a tentacled monstrosity
   258 | D:1      | Reached XP level 2. HP: 21/26 MP: 1/1
   696 | D:1      | Reached skill level 4 in Unarmed Combat
   707 | D:1      | Reached XP level 3. HP: 17/33 MP: 2/2
   998 | D:2      | Reached skill level 1 in Armour
  1093 | D:2      | Reached XP level 4. HP: 35/40 MP: 3/3
  1909 | D:3      | Noticed Ijyb
  1915 | D:3      | Noticed kal9871's ghost (amateur OpEE)
  1918 | D:3      | Killed Ijyb
  1918 | D:3      | Reached XP level 5. HP: 36/46 MP: 4/4
  1959 | D:3      | Killed kal9871's ghost
  1959 | D:3      | Reached skill level 5 in Unarmed Combat
  1959 | D:3      | Reached XP level 6. HP: 24/52 MP: 5/5
  2016 | D:3      | Found a shattered altar of Ashenzari.
  2203 | D:3      | Noticed a sky beast
  2213 | D:3      | Killed a sky beast
  2536 | D:4      | Noticed Sigmund
  2543 | D:4      | Killed Sigmund
  2543 | D:4      | Reached skill level 6 in Unarmed Combat
  2543 | D:4      | Reached XP level 7. HP: 40/60 MP: 6/6
  2619 | D:4      | Noticed kal9871's ghost (weakling OpEE)
  2629 | D:4      | Killed kal9871's ghost
  2629 | D:4      | Reached skill level 5 in Fighting
  3488 | D:5      | Entered Level 5 of the Dungeon
  3554 | D:4      | Reached skill level 7 in Unarmed Combat
  3618 | D:5      | Found a staircase to the Ecumenical Temple.
  3626 | D:5      | Reached skill level 1 in Shields
  3626 | D:5      | Reached XP level 8. HP: 66/68 MP: 7/7
  4048 | D:5      | Found Qodihoe's General Store.
  4053 | D:5      | Bought a potion of might for 56 gold pieces
  4053 | D:5      | Bought 2 potions of lignification for 84 gold pieces
  4085 | D:5      | You fall through a shaft for 2 floors!
  4326 | D:7      | Reached skill level 8 in Unarmed Combat
  4368 | D:7      | Noticed Joseph
  4382 | D:7      | Shot with a sling bullet by Joseph

Vault maps used:
D:1:      shiori_arrival_whats_in_store_for_you
D:2:      kb_forest_paths, kennysheep_generic_room_16
D:3:      evilmike_ruin_ashenzari, uniq_iyjb
D:4:      corexii_shantytown, kennysheep_generic_room_11, uniq_sigmund
D:5:      first_bread, serial_shops, kennysheep_mini_moat,
          nicolae_shop_waterfront, kennysheep_little_box
D:7:      serial_shops, shop_coins, nicolae_ossuary_entry_giza, uniq_joseph

Skill      XL: |  1  2  3  4  5  6  7  8 |
---------------+-------------------------+-----
Unarmed Combat | 4 5 6 7 8 |  8.0
Armour         | 1 2 3 |  3.8
Dodging        | 3 4 |  4.8
Fighting       | 4 5 |  5.0
Shields        | 1 |  1.9
Stealth        | |  2.1

Action                   |  1- 3 |  4- 6 |  7- 9 || total
-------------------------+-------+-------+-------++-------
Melee: Unarmed           |   130 |   176 |   219 ||   525
       Punch             |     1 |     2 |     7 ||    10
 Stab: Sleeping          |     1 |     2 |       ||     3
  Eat: Chunk             |    11 |    10 |    23 ||    44
Armor: Robe              |    37 |     3 |       ||    40
       Ring mail         |       |    25 |    61 ||    86
Dodge: Dodged            |    96 |    92 |   151 ||   339
